Cogmind - Beta 16 @@@ ROGUE MODE // 2026.02.02 @ 03:27:49 Player: Musaab Result: Destroyed by 3M-S0Z(z) with Makeshift Shrapnel Gun Performance ------------- Evolutions (1) 500 Regions Visited (4) 800 Robots Destroyed (26) 130 Value Destroyed (626) 626 Prototype IDs (1) 20 Alien Tech Used (0) 0 Bonus (-2) -2 TOTAL SCORE: 2074 Bonus ------- Friendly Fire -2 Cogmind --------- Core Integrity 0/400 Matter 279/300 Energy 100/100 System Corruption 2% Temperature Cool (0) Movement Core (50) Location -7/Zion Parts ------- > --- POWER (1) -------- (None) > --- PROPULSION (3) --- (None) > --- UTILITY (2) ------ (None) > --- WEAPON (3) ------- CR-A16's Pointy Stick > --- INVENTORY (5) ---- Aluminum Leg Aluminum Leg Aluminum Leg Phasing AFG Peak State ------------ > --- POWER ------------ Improved Ion Engine > --- PROPULSION ------- Aluminum Leg Aluminum Leg Aluminum Leg > --- UTILITY ---------- Small Storage Unit Hacking Drone Bay > --- WEAPON ----------- Beam Rifle Autogun CR-A16's Pointy Stick > --- INVENTORY -------- Improved Ion Engine Aluminum Leg Aluminum Leg Aluminum Leg Aluminum Leg Aluminum Leg Phasing AFG EM Shotgun [Rating: 25] Favorites ----------- Power Improved Ion Engine Engine Improved Ion Engine Propulsion Aluminum Leg Treads Light Treads Leg Aluminum Leg Utility Small Storage Unit Device Heat Sink Storage Small Storage Unit Weapon EM Shotgun Energy Gun EM Shotgun Ballistic Gun Autogun Piercing Weapon CR-A16's Pointy Stick Build | -11 -10 -9 -9 -7 ------- Run | Yrd Mat Mat Min Zio Slots Evolved 2 | . . 2 . . Power . | . . . . . Propulsion 1 | . . 1 . . Utility . | . . . . . Weapon 1 | . . 1 . . Parts Attached 31 | 8 9 9 . 5 Power 5 | 1 3 . . 1 Engine 5 | 1 3 . . 1 Core . | . . . . . Reactor . | . . . . . Propulsion 11 | 3 2 4 . 2 Treads 1 | 1 . . . . Leg 10 | 2 2 4 . 2 Wheel . | . . . . . Hover . | . . . . . Flight . | . . . . . Utility 4 | 2 1 . . 1 Device 3 | 1 1 . . 1 Storage 1 | 1 . . . . Processor . | . . . . . Hackware . | . . . . . Protection . | . . . . . Artifact . | . . . . . Weapon 11 | 2 3 5 . 1 Energy Gun 4 | . 2 2 . . Energy Cannon . | . . . . . Ballistic Gun 6 | 2 1 3 . . Ballistic Cannon . | . . . . . Launcher . | . . . . . Special Weapon . | . . . . . Impact Weapon . | . . . . . Slashing Weapon . | . . . . . Piercing Weapon 1 | . . . . 1 Special Melee Weapon . | . . . . . Unidentified Prototypes 1 | . . . . 1 Parts Lost 11 | . 1 . . 10 Power 1 | . . . . 1 Propulsion 5 | . . . . 5 Utility 1 | . . . . 1 Weapon 4 | . 1 . . 3 Highest Loss Streak 10 | . 1 . . 10 To Critical Strikes . | . . . . . Average Backups 7 | 5 7 7 8 7 Power 1 | . 1 1 1 . Propulsion 4 | 3 4 5 5 4 Utility . | . . . 1 1 Weapon . | . 1 . 1 . Tool/Special . | . . . . . Unused Backups 12 | . 6 . . 6 Power 2 | . 2 . . . Propulsion 7 | . 4 . . 3 Utility 2 | . . . . 2 Weapon 1 | . . . . 1 Tool/Special . | . . . . . Average Slot Usage (%) 98 | . 98 99 100 98 Engine 11 | . 14 11 11 10 Leg 31 | . 28 33 33 32 Device 11 | . 14 11 11 10 Storage 11 | . 14 11 11 11 Energy Gun 18 | . 5 20 22 21 Ballistic Gun 12 | . 20 12 11 10 Peak Build Rating 25 | 7 8 14 14 25 Average Rating 13 | 5 6 13 14 17 On Entrance 8 | . 7 8 14 14 Avg Prop Armor Cover (%) 7 | 7 . . . . Naked Turns . | . . . . . Heaviest Build 22 | 13 15 22 22 22 Greatest Support 30 | 20 20 30 30 30 Greatest Overweight (x) 1 | 1 . . . . Average Overweight (x) . | . . . . . Largest Inventory Capacity 8 | 8 8 8 8 8 Average Capacity 7 | 7 8 8 8 7 Most Carried 8 | 8 8 8 8 8 Average Carried 7 | 5 7 7 8 7 Final Capacity 8 | 8 8 8 8 5 Final Carried 8 | 7 8 8 8 4 Class Distribution -------------------- 76% | Scavenger-Gunner 14% | Mutant 8% | Scavenger-Mutant Dominant Class ---------------- Scavenger-Mutant | -10/Materials Scavenger-Gunner | -9/Materials Scavenger-Gunner | -9/Mines Scavenger-Gunner | -7/Zion Resources | -11 -10 -9 -9 -7 ----------- Run | Yrd Mat Mat Min Zio Matter Collected 750 | 298 198 184 26 44 Remotely 224 | 44 180 . . . Salvage Created 872 | 74 246 348 110 94 Parts 55 | 2 18 26 3 6 Haulers Intercepted . | . . . . . Recyclers Shooed . | . . . . . Parts Field Recycled . | . . . . . Retrieved Matter . | . . . . . Parts Self-Destructed . | . . . . . Prevented . | . . . . . Parts Restored . | . . . . . Kills | -11 -10 -9 -9 -7 ------- Run | Yrd Mat Mat Min Zio Combat Hostiles Destroyed 17 | . 8 7 2 . Guns 16 | . 8 6 2 . AOE 1 | . . 1 . . Classes Destroyed 7 | 1 3 2 . 1 Worker 2 | . 1 1 . . Builder 1 | . . 1 . . Recycler 1 | 1 . . . . Swarmer 3 | . 3 . . . Grunt 13 | . 5 6 2 . Sentry 1 | . . 1 . . Zionite 5 | . . . . 5 Best Kill Streak 5 | 1 5 5 2 5 Combat Bots Only 5 | . 5 4 2 . Max Kills in Single Turn 2 | 1 2 2 1 1 Gunslinging 1 | . 1 . . . Exploded 1 | . . 1 . . Melee . | . . . . . Uniques/NPCs Destroyed . | . . . . . Combat | -11 -10 -9 -9 -7 -------- Run | Yrd Mat Mat Min Zio Hostile Shots Fired 187 | . 69 16 7 95 Missed 52 | . 14 5 3 30 Hits 135 | . 55 11 4 65 Melee 20 | . . . . 20 Projectile 115 | . 55 11 4 45 Critical Strikes 6 | . 1 . 1 4 Part Disruptions 1 | . . . . 1 Damage Taken 2012 | . 505 159 47 1301 Core 503 | . 102 54 12 335 Absorbed by Shields . | . . . . . Core Remaining (%) 79 | 100 59 . . . Volleys Fired 64 | 3 35 15 4 7 Largest 3 | 2 2 3 3 2 Hottest 124 | 40 60 124 124 79 Shots Fired 133 | 6 61 40 12 14 Gun 133 | 6 61 40 12 14 Cannon . | . . . . . Launcher . | . . . . . Special . | . . . . . Kinetic 86 | 6 54 15 4 7 Thermal 32 | . 7 14 4 7 Explosive . | . . . . . Electromagnetic 15 | . . 11 4 . Robot Hit Streak 11 | 4 4 11 10 10 Robot Miss Streak 6 | 1 6 3 2 1 Penetration Max . | . . . . . Secondary Targets 4 | . 2 . 1 1 Max Gunslinging Chain 1 | . 1 . 1 1 Shots Hit Robots 76 | 5 25 21 10 15 Core Hits 43 | 2 15 16 4 6 Critical Kills . | . . . . . Critical Parts Destroyed . | . . . . . Critical Strikes 4 | . . 1 . 3 Burn 2 | . . 1 . 1 Impale 2 | . . . . 2 Melee Attacks 6 | . . . . 6 Impact . | . . . . . Slashing . | . . . . . Piercing 6 | . . . . 6 Sneak Attacks . | . . . . . Combat Hostiles . | . . . . . Follow-up Attacks . | . . . . . Damage Inflicted 1221 | 67 352 357 157 288 Guns 1070 | 67 351 310 156 186 Cannons . | . . . . . Explosions 47 | . . 47 . . Melee 100 | . . . . 100 Ramming 4 | . 1 . 1 2 Kinetic 596 | 67 320 68 42 99 Thermal 291 | . 31 129 44 87 Explosive . | . . . . . Electromagnetic 230 | . . 160 70 . Impact . | . . . . . Slashing . | . . . . . Piercing 100 | . . . . 100 Highest Corruption 2 | . . . . 2 Average Corruption 1 | . . . . 1 Corruption Purged . | . . . . . Corruption Blocked . | . . . . . Effects 1 | . . . . 1 Energy Discharges 1 | . . . . 1 Overload Shots . | . . . . . Overflow Damage . | . . . . . Projectiles . | . . . . . Explosions . | . . . . . Melee . | . . . . . Knockbacks . | . . . . . Impact . | . . . . . Kinetic . | . . . . . Secondary . | . . . . . Self-Inflicted Damage 30 | . . 30 . . Shots 1 | . . 1 . . Rammed . | . . . . . Targets Rammed 3 | . 1 . 1 1 Kicked 3 | . 1 . 1 1 Crushed . | . . . . . Highest Temperature 193 | . 27 193 121 98 Average Temperature 55 | . 11 63 64 48 Received Heat Transfer 423 | . 153 63 45 162 Siege Activations . | . . . . . Martial Activations . | . . . . . Shielding Activations . | . . . . . Robots Disrupted . | . . . . . Combat Hostiles . | . . . . . Robots Corrupted . | . . . . . Combat Hostiles . | . . . . . Parts Fried . | . . . . . Impact Corruptions . | . . . . . Robots Melted . | . . . . . Combat Hostiles . | . . . . . Parts Melted 1 | . . . . 1 Heat Transferred 694 | . 75 284 111 224 Parts Sabotaged . | . . . . . Parts Stolen . | . . . . . Parts Stripped . | . . . . . Power Chain Reactions 1 | . . 1 . . Alert | -11 -10 -9 -9 -7 ------- Run | Yrd Mat Mat Min Zio Maximum Alert Level . | . . . . . Low Security (%) 100 | 100 100 100 100 . Level 1 . | . . . . . Level 2 . | . . . . . Level 3 . | . . . . . Level 4 . | . . . . . Level 5 . | . . . . . High Security . | . . . . . Max Security . | . . . . . Peak Influence 135 | 5 135 108 85 . Initial 35 | . . 34 35 . Average 27 | . 61 20 12 . Influence Increases 533 | 5 250 228 50 . Destroy 0b10 Robot/C 340 | . 160 140 40 . Destroy 0b10 Robot/NC 20 | 5 5 10 . . Destroy Leader 90 | . 40 40 10 . Trap Triggered on 0b10 10 | . . 10 . . Successful Hack 8 | . . 8 . . Disable Machine 30 | . 15 15 . . Destroy Structure 5 | . . 5 . . Lose Combat Pursuer 30 | . 30 . . . Influence Decreases 533 | 5 167 219 142 . Entered New Map 106 | . . 49 57 . Time Decay 417 | 5 157 170 85 . Lost Part 10 | . 10 . . . Squads Dispatched 7 | . 3 4 . . Investigation 4 | . 2 2 . . Extermination . | . . . . . Reinforcement 3 | . 1 2 . . Assault . | . . . . . Garrison . | . . . . . Intercept . | . . . . . Searches Triggered . | . . . . . Construction Impeded . | . . . . . Haulers Reinforced . | . . . . . Active Scanning Responses . | . . . . . Cargo Convoy Interrupts . | . . . . . Stealth | -11 -10 -9 -9 -7 --------- Run | Yrd Mat Mat Min Zio Distress Signals 3 | . 3 . . . Communications Jammed . | . . . . . Distress Signals . | . . . . . Times Spotted 44 | . 16 11 2 15 Peak Tracking Total 9 | . 6 4 2 9 Tactical Retreats 2 | . 2 . . . Traps | -11 -10 -9 -9 -7 ------- Run | Yrd Mat Mat Min Zio Traps Triggered 2 | . 2 . . . Indirectly . | . . . . . Trap Hack Attempts . | . . . . . Triggered . | . . . . . Disarmed 6 | . 6 . . . Reprogrammed 6 | . . 6 . . Reused 1 | . . 1 . . Traps Extracted . | . . . . . Installed . | . . . . . Triggered 1 | . . 1 . . Machines | -11 -10 -9 -9 -7 ---------- Run | Yrd Mat Mat Min Zio Machines Disabled 2 | . 1 1 . . Max in Single Turn 1 | . 1 1 . . Machines Repaired . | . . . . . Machines Dismantled . | . . . . . Machines Sabotaged . | . . . . . Overloaded Fab Kills . | . . . . . Hacking | -11 -10 -9 -9 -7 --------- Run | Yrd Mat Mat Min Zio Machines Accessed 4 | . 2 2 . . Terminals 3 | . 1 2 . . Fabricators . | . . . . . Repair Stations . | . . . . . Recycling Units 1 | . 1 . . . Scanalyzers . | . . . . . Garrison Access . | . . . . . Total Hacks 10 | . 5 5 . . Successful 7 | . 4 3 . . Failed 3 | . 1 2 . . Catastrophic . | . . . . . Database Lockouts . | . . . . . Manual . | . . . . . Terminals 8 | . 3 5 . . Fabricators . | . . . . . Repair Stations . | . . . . . Recycling Units 2 | . 2 . . . Scanalyzers . | . . . . . Garrison Access . | . . . . . Terminal Hacks 5 | . 2 3 . . Robot Analysis 1 | . . 1 . . Emergency Access Points 2 | . 1 1 . . Disarm Traps 1 | . 1 . . . Reprogram Traps 1 | . . 1 . . Fabricator Hacks . | . . . . . Repair Station Hacks . | . . . . . Recycling Unit Hacks 2 | . 2 . . . Report Inventory 1 | . 1 . . . Retrieve Components 1 | . 1 . . . Scanalyzer . | . . . . . Garrison Access Hacks . | . . . . . Unauthorized Hacks . | . . . . . Terminals . | . . . . . Fabricators . | . . . . . Repair Stations . | . . . . . Recycling Units . | . . . . . Scanalyzers . | . . . . . Garrison Access . | . . . . . Data Cores Recovered . | . . . . . Used . | . . . . . Hacking Detections 2 | . 1 1 . . Full Trace Events 1 | . . 1 . . Feedback Events . | . . . . . Feedback Blocked . | . . . . . Robot Schematics Acquired 3 | . . . . 3 Robots Built . | . . . . . Authchips . | . . . . . Time . | . . . . . Total Robot Build Rating . | . . . . . Part Schematics Acquired 15 | . . . . 15 Parts Built . | . . . . . Authchips . | . . . . . Time . | . . . . . Total Part Build Rating . | . . . . . Part Studies Acquired . | . . . . . Parts Repaired . | . . . . . Time . | . . . . . Parts Recycled . | . . . . . Recycled Matter . | . . . . . Retrieved Matter . | . . . . . Retrieved Components 9 | . 9 . . . Parts Scanalyzed . | . . . . . Part Schematics Acquired . | . . . . . Parts Damaged . | . . . . . Bothacking | -11 -10 -9 -9 -7 ------------ Run | Yrd Mat Mat Min Zio Used RIF Installer . | . . . . . Robots Hacked . | . . . . . Non-combat . | . . . . . Combat . | . . . . . Robot Hacks Applied . | . . . . . Relay Couplers Released . | . . . . . Fabnet Peak Effective % . | . . . . . Robots Rewired . | . . . . . Allies Hacked . | . . . . . Hacks Repelled . | . . . . . Allies | -11 -10 -9 -9 -7 -------- Run | Yrd Mat Mat Min Zio Total Allies . | . . . . . Largest Group . | . . . . . Highest-Rated Group . | . . . . . Highest-Rated Ally . | . . . . . Total Orders . | . . . . . Ally Attacks . | . . . . . Total Damage . | . . . . . Kills . | . . . . . Allies Corrupted . | . . . . . Allies Melted . | . . . . . Intel | -11 -10 -9 -9 -7 ------- Run | Yrd Mat Mat Min Zio Active Infowar (turns) . | . . . . . Robot Analysis Total 1 | . . 1 . . Derelict Logs Recovered 1 | . . . 1 . Drone Launches 1 | . . . . 1 Drone Recoveries 1 | . . . . 1 Exploration | -11 -10 -9 -9 -7 ------------- Run | Yrd Mat Mat Min Zio Turns Passed 2701 | 145 462 445 600 1049 Spaces Moved 1964 | 93 272 289 481 829 Core 7 | 7 . . . . Treads 24 | 24 . . . . Legs 1933 | 62 272 289 481 829 Wheels . | . . . . . Hover . | . . . . . Flight . | . . . . . Fastest Speed 50 | 50 120 120 120 120 Average Speed 120 | 125 120 120 120 120 Slowest Speed 160 | 160 120 120 120 120 Overloaded Moves . | . . . . . Propulsion Burnouts . | . . . . . Robots Hopped . | . . . . . Potential Cave-ins . | . . . . . Cave-ins Triggered . | . . . . . Exploration Rate (%) 47 | 7 49 29 86 68 Regions Visited 4 Branch Regions 2 Pre-discovered Areas 3 | . . . 1 2 Known Exits Taken . | . . . . . Unknown Exits Taken 4 | 1 1 1 1 . Scrap Searched 3 | . . . 1 2 Spaces Dug . | . . . . . Terrain Destroyed 3 | . . 3 . . Melee . | . . . . . Projectile . | . . . . . AOE 3 | . . 3 . . Terrain Rammed . | . . . . . Walls Destroyed . | . . . . . Machines Disabled . | . . . . . Actions | -11 -10 -9 -9 -7 --------- Run | Yrd Mat Mat Min Zio Total 2185 | 111 358 364 495 857 Wait 62 | . 16 38 8 . Move 1960 | 92 271 288 480 829 Hop . | . . . . . Pick Up 24 | 8 10 4 . 2 Fast Attach 8 | 6 1 . . 1 Attach 8 | 1 1 2 . 4 Detach . | . . . . . Swap 20 | 1 7 8 . 4 Drop 28 | . 16 9 . 3 Fire 64 | 3 35 15 4 7 Melee 6 | . . . . 6 Ram . | . . . . . Kick 3 | . 1 . 1 1 Crush . | . . . . . Escape Stasis . | . . . . . Rewire 2 | . . . 2 . Trap . | . . . . . Miscellaneous . | . . . . . Route ------- -11/Scrapyard -10/Materials (discovered 2 exits: *Mat x2) -9/Materials (discovered 2 exits: [*Mat] / [*Min]) -9/Mines (discovered 3 exits: [*Mat x2] / *Zio) -7/Zion History --------- Turn | Location | Event 10 | -11/Scrapyard | Discovered new exit (range 15) 146 | -11/Scrapyard | Entered Materials 289 | -10/Materials | Discovered new exit (range 16) 337 | -10/Materials | Build established: Mutant 568 | -10/Materials | Discovered new exit (range 5) 608 | -10/Materials | Entered another Materials area 608 | -9/Materials | Evolved 2 slots: Propulsion x1, Weapon x1 695 | -9/Materials | Discovered new exit (range 16) 912 | -9/Materials | Build established: Scavenger-Gunner 1046 | -9/Materials | Discovered new exit (range 7) 1053 | -9/Materials | Entered Mines 1054 | -9/Mines | Met a Derelict bent on vengeance 1142 | -9/Mines | Discovered new exit (range 13) 1186 | -9/Mines | Received a Rocket Launcher from a helpful Derelict 1233 | -9/Mines | Learned location of Zion (-7) 1236 | -9/Mines | Discovered new exit (range 8) 1608 | -9/Mines | A Derelict revealed a hidden shortcut to a safe place 1653 | -9/Mines | Entered Zion 1686 | -7/Zion | Found CR-A16's Pointy Stick 1780 | -7/Zion | Found Prototype Device 1893 | -7/Zion | Learned location of Quarantine (-3) 2177 | -7/Zion | Learned location of Data Miner (-6) 2179 | -7/Zion | Learned Factory fabricator intel 2267 | -7/Zion | Given the Hacking Drone Bay 2267 | -7/Zion | Found Prototype Device 2267 | -7/Zion | Identified Hacking Drone Bay 2645 | -7/Zion | Attacked by Zionites 2697 | -7/Zion | Core integrity fell below 50% 2699 | -7/Zion | Core integrity fell below 20% 2702 | -7/Zion | Destroyed by 3M-S0Z(z) with Makeshift Shrapnel Gun Last Messages --------------- 02698_ J3-O7E(z) heat damages Mak. Laser. 02698_ A8-5QS(z) heat damages core (-2). 02698_ A8-5QS(z) overheating. 02698_ J3-O7E(z) overheating. 02698_ NA-G5R(z) overheating. 02698_ Hacking Drone Bay severed. 02699_ NA-G5R(z) heat damages Mak. Laser. 02699_ A8-5QS(z) overheating. 02699_ J3-O7E(z) overheating. 02699_ NA-G5R(z) overheating. 02700_ J3-O7E(z) overheating. 02700_ A8-5QS(z) overheating. 02700_ NA-G5R(z) overheating. 02700_ Sml. Storage Unit destroyed. 02700_ J3-O7E(z) overheating. 02701_ J3-O7E(z) heat damages Mak. Laser. 02701_ A8-5QS(z) overheating. 02701_ NA-G5R(z) overheating. 02701_ A8-5QS(z) overheating. 02702_ J3-O7E(z) overheating. Map ----- +----------------------------------------------------+ | ????????????????####???????###" "##?????????????? | | ?????????????###?""###?????#""" "#??????????????? | | ?????????????#""##"#"##????#""" ####????????????? | | ???????????#"#""""""""######""" #???###?##???? | | ???????????##"" """"##"""" ######"##"#???? | | ???????????#"""" """"#""" # """"""#????? | | ??##???####"""""" """"""" " ""###### | | ##"##?#""""""#""""" "" "" "" ""#""#"# | | """"??"" """"""" """"" """""""" | | ""#####" """" ""#""" "" | | X"#""#"" """ "###""" """ "" | | """"""" "" "" """#""" "" "" | | """""" "" """" """#""" "" "" "# | | """""""""""" """""" ""# "" "" | | """"#"""""" "" """""""" "" | | """"" "#""" "" "##" "" "" | | """""" """" """" """ """" " | | """" """ """"" """ | | #"" """ """"" | | ##" """"" """"""" "" """ | | ?#"" """""""""""""" """"" | | """ """"z"""""" """ "" | | #"" | | "# g | | # = | | ##" *%z@!z "" """#" | | ?#" " /zI """""""" """ | | ?### " z =%!"z""""#""""""" """" | | ??#" "#"" %=""#"##""""#"#""" """## | | ??### """" ""######"####"#" """"##" | | ????#" ""#" """""#?###??#""""""#"#?# | | ???##" "#" """""#?????##########?? | | ???#"" """ ""#????????????????## | | ??##""" "" ""##????????????????#" | | ??#"#"" z """""""#????????????????#" | | ?##""" """"#"""????????????????# | | ?#""" """"""#???????????????#" | | ?#"""" "" """#????????????????# | | ?###""" "" "" "##?????????????????# | | ???#""" """"" """ "#??????????????????? | | ???#""" """""""""" """"""#??????????????????? | | ???#"" """####"#"" """""#"#?????????????????? | | ??##" ""###??#"#"" ""####?#?????????????????? | | ??#"" ""##???#""" """"#????????????????????? | | ??#"" """#???#"" " " "##????????????????????? | | ####" "###???##"" " "##????????????????????? | | #"""" """#???###"" ""#????????????????????? | | #""" "##???#"""" ""##????????????????????? | | #"#" "#????##"" """"#????????????????????? | | ?#""" ""#????#"" """##????????????????????? | +----------------------------------------------------+ Best States ------------- Heat Dissipation 38 Energy Generation 12 Energy Capacity 265 Matter Stores 300 Matter Capacity 300 Sight Range 16 Terrain Scan Density 10 Evasion (%) 55 Recoil Reduction 1 Item Schematics ----------------- Imp. Medium Armor Plating | -7/Zion | Archive Thermal Shield | -7/Zion | Archive Drone Bay | -7/Zion | Archive Coolant Injector | -7/Zion | Archive Hvy. Machine Gun | -7/Zion | Archive Powered Hammer | -7/Zion | Archive Xenon Bombardment Thruster | -7/Zion | Archive Adv. Plasma Cannon | -7/Zion | Archive Imp. Thermal Generator | -7/Zion | Archive Adv. Cooling System | -7/Zion | Archive Chainsword | -7/Zion | Archive IFF Parser | -7/Zion | Archive Hvy. Laser | -7/Zion | Archive EM Shield | -7/Zion | Archive HERF Cannon | -7/Zion | Archive Robot Schematics ------------------ M-14 Sweeper | -7/Zion | Archive B-36 Bruiser | -7/Zion | Archive I-36 Angel | -7/Zion | Archive Fabricated ------------ Nothing Repaired ---------- Nothing Studied --------- None Alien Tech Used ----------------- None Achievements -------------- Use The Force Challenges ------------ None Game ------ Seed DirtyRocketDevice Manual? 0 Play Time 00:41:03 Cumulative 21.3 hours Start 2026.01.31 @ 04:16:09 End 2026.02.02 @ 03:27:49 Sessions 7 Manual Loads 0 Difficulty Rogue Special Mode None Game No. 47 Rogue 47 Adventurer 0 Explorer 0 Win Type - Total 0 Types 0/0/0/0/0/0/0/0/0/0 Lore% 10 Gallery% 18 Achievement% 11 Wizard Run 0 Options --------- Layout 1 ASCII 0 Keyboard 0 Movement Vi Keybinds 0 Fullscreen 1 Font 20/SmallcapsGlow Map View 56x45 Zoom Use 0% Tactical HUD 1 Map Filters NONE Filters NONE Steam 1 RUN: 429da37f-021b-478d-a681-1e990b49b0e2